 Dungeon Crawl Stone Soup version 0.22.0-49-gab54619 (webtiles) character file.

8241 Folque the Destroyer (level 11, -28/78 HPs)
             Began as a Demonspawn Wizard on Sept 4, 2018.
             Was a Believer of Vehumet.
             Killed from afar by a rakshasa (37 damage)
             ... with an orb of energy
             ... on level 9 of the Dungeon.
             The game lasted 01:18:09 (11603 turns).

Folque the Destroyer (Demonspawn Wizard)           Turns: 11603, Time: 01:18:10

Health: -28/78     AC:  9    Str:  7    XL:     11   Next: 7%
Magic:  5/29       EV: 13    Int: 26    God:    Vehumet [**....]
Gold:   699        SH:  6    Dex: 11    Spells: 4/22 levels left

rFire    x . .     SeeInvis .   w - +4 trident of Icwiofre {freeze, Int+2}
rCold    + . .     Gourm    .   y - +2 buckler
rNeg     . . .     Faith    .   H - +0 leather armour
rPois    .         Spirit   .   b - +0 hat
rElec    .         Reflect  .   (no cloak)
rCorr    .         Harm     .   t - +1 pair of gloves
MR       .....                  (no boots)
Stlth    ++........             (no amulet)
HPRegen  0.23/turn              M - ring of ice
MPRegen  0.21/turn              i - ring of magical power

@: no status effects
A: horns 2, molten scales 2, nightstalker 1, powered by pain 1
a: Renounce Religion


You were on level 9 of the Dungeon.
You worshipped Vehumet.
Vehumet was pleased with you.
You were not hungry.

You visited 2 branches of the dungeon, and saw 11 of its levels.
You also visited: Sewer.

You collected 699 gold pieces.

Inventory:

Hand Weapons
 g - a +0 dagger of venom
 r - a +2 dagger of pain
 w - the +4 trident of Icwiofre (weapon) {freeze, Int+2}
   (You found it on level 5 of the Dungeon)

   It has been specially enchanted to freeze those struck by it, causing extra
   injury to most foes and up to half again as much damage against particularly
   susceptible opponents.
   It can also slow down cold-blooded creatures.
   It affects your intelligence (+2).
 L - a +0 short sword
Missiles
 c - 3 throwing nets (quivered)
 j - 7 javelins of penetration
 P - 28 stones
Armour
 a - a +0 robe
 b - a +0 hat (worn)
 q - a +0 buckler
 t - a +1 pair of gloves (worn)
 y - a +2 buckler (worn)
 C - the +4 chain mail of Ygusaoz {rElec MR++, unknown}
   (You found it on level 5 of the Dungeon)

   It insulates you from electricity.
   It affects your resistance to hostile enchantments.
 H - a +0 leather armour (worn)
 I - a +3 ring mail
Jewellery
 i - a ring of magical power (right hand)
 m - an uncursed ring of resist corrosion {unknown}
 M - a ring of ice (left hand)
Wands
 e - a wand of iceblast (10)
 x - a wand of disintegration (17)
 F - a wand of clouds (2)
 J - a wand of flame (14)
Scrolls
 f - 2 scrolls of fear {unknown}
 k - 6 scrolls of remove curse
 o - 4 scrolls of random uselessness
 s - 2 scrolls of blinking {unknown}
 v - 3 scrolls of teleportation
 z - 2 scrolls of fog {unknown}
 B - 2 scrolls of amnesia {unknown}
 G - a scroll of magic mapping {unknown}
 O - a scroll of enchant weapon {unknown}
Potions
 h - a potion of magic
 l - a potion of flight
 n - a potion of ambrosia
 p - 3 potions of brilliance
 u - a potion of berserk rage
 A - 2 potions of mutation
 D - a potion of degeneration {unknown}
 E - a potion of curing
 K - 2 potions of lignification {unknown}
Comestibles
 d - 21 rations


   Skills:
 - Level 4.3 Fighting
 - Level 3.2 Polearms
 - Level 6.0 Armour
 - Level 5.0 Dodging
 - Level 1.7 Stealth
 - Level 4.1 Shields
 - Level 6.1 Spellcasting
 - Level 8.0 Conjurations
 + Level 1.2 Charms
 - Level 3.0 Summonings
 * Level 3.4 Necromancy
 - Level 1.1 Translocations
 - Level 1.4 Fire Magic
 - Level 2.3 Ice Magic
 - Level 1.3 Air Magic
 - Level 4.4 Earth Magic
 - Level 1.0 Poison Magic


You had 4 spell levels left.
You knew the following spells:

 Your Spells              Type           Power        Failure   Level  Hunger
a - Magic Dart            Conj           ####         1%          1    None
b - Call Imp              Summ           ###.....     4%          2    None
c - Blink                 Tloc           N/A          9%          2    None
d - Mephitic Cloud        Conj/Pois/Air  ####....     7%          3    None
e - Conjure Flame         Conj/Fire      ####....     4%          3    None
f - Sandblast             Erth           ####..       1%          1    None
g - Regeneration          Chrm/Necr      ###.......   11%         3    None
h - Throw Frost           Conj/Ice       ######       1%          2    None
i - Flame Tongue          Conj/Fire      ####.        1%          1    None

Your spell library contained the following spells:

 Spells                   Type           Power        Failure   Level  Hunger
 Animate Skeleton         Necr           N/A          2%          1    None
 Pain                     Necr           ####         2%          1    None
 Vampiric Draining        Necr           ####......   7%          3    None
 Slow                     Hex            #.......     14%         2    None
 Animate Dead             Necr           N/A          24%         4    ###....


Dungeon Overview and Level Annotations

Branches:
Dungeon (10/15)            Temple (1/1) D:4            Lair (0/6) D:8
    Orc: D:9-12

Altars:
Ashenzari
Cheibriados
Dithmenos
Elyvilon
Fedhas
Gozag
Hepliaklqana
Kikubaaqudgha
Makhleb
Nemelex Xobeh
Okawaru
Qazlal
Ru
Sif Muna
Trog
Uskayaw
Vehumet
Wu Jian
Xom
Yredelemnul
Zin
The Shining One

Shops:
D:4 }   D:6 =   D:7 %   D:8 *


Innate Abilities, Weirdness & Mutations

You have a pair of horns on your head.
You are mostly covered in molten scales. (AC +3)
You are slightly more attuned to the shadows.
You sometimes gain a little power by taking damage.


Message History

The injured rakshasa weaves a defensive illusion!
Press: ? - help, v - describe, . - travel
Here: a rakshasa, wielding a whip and wearing a robe (heavily wounded)
A stone staircase leading down.
You feel your magic capacity increase.
i - a ring of magical power (right hand)
Aiming: Iceblast
Press: ? - help, Shift-Dir - straight line, f - rakshasa
Aim: a rakshasa, wielding a whip and wearing a robe (heavily wounded)
The mass of ice explodes!
The iceblast engulfs the rakshasa.
The rakshasa is severely wounded.
The iceblast engulfs the rakshasa.
The rakshasa is heavily wounded.
The rakshasa gestures at you. The orb of energy hits you!
* * * LOW HITPOINT WARNING * * *
It was a potion of curing.
You feel better. The rakshasa gestures at you. The orb of energy hits you!
You die...

##.# #.# #..#..####..#
##.###.####..........#
.....................#
##.###...............# #.#
####.#..........# #.#
#.##...###...# #.######.##...#
#...#
##............R###...########
........#.###.R§@......<....#
##.####.#.# #.R###...##.....#
.#.####.#.###..#............#
...................#.##.....#
#..####.#.###..#.###.##.#..##
#..# #.#.# #..#.# #.##.#..####
#.## #.#.# #..#.# #.##.......#
#.#####.#.###..#.###.####.#####
####....................#.#


You could see 3 rakshasas.

Vanquished Creatures
  2 two-headed ogres
  A queen bee (D:9)
  2 hippogriffs (D:6)
  2 basilisks (D:8)
  10 yaks
  2 porcupines (D:8)
  3 ice beasts
  A sky beast (D:7)
  An orc warrior (D:6)
  A black bear (D:6)
  4 phantoms
  4 ogres
  3 necrophages
  A centaur (D:6)
  A crocodile (Sewer)
  5 bullfrogs
  A gnoll sergeant (D:6)
  4 scorpions
  15 killer bees
  8 howler monkeys
  4 crimson imps
  2 bullfrog zombies
  2 jellies
  2 bullfrog skeletons
  8 hounds
  A gnoll shaman (D:6)
  5 orc priests
  11 orc wizards
  A centaur skeleton (D:8)
  3 iguanas
  6 worker ants
  A hound zombie (D:8)
  2 hound skeletons
  A howler monkey zombie (D:6)
  2 worker ant zombies (D:5)
  3 gnolls (D:6)
  7 adders
  2 river rats (D:4)
  3 shadow imps
  A worker ant simulacrum (D:9)
  2 oozes
  An adder skeleton (D:6)
  3 worms
  3 dart slugs
  8 leopard geckos
  20 orcs
  2 ball pythons
  6 bats
  3 giant cockroaches
  5 goblins
  12 hobgoblins
  16 jackals
  13 kobolds
  6 quokkas
  2 frilled lizards
  A giant cockroach zombie (D:5)
  A jackal skeleton (D:5)
  A leopard gecko skeleton (D:4)
  8 rats
251 creatures vanquished.

Vanquished Creatures (collateral kills)
  A crocodile (D:8)
  4 gnolls
  An adder (D:2)
  A worm (D:4)
  4 bats
  A quokka (D:3)
12 creatures vanquished.

Vanquished Creatures (others)
  An orc wizard (D:9)
1 creature vanquished.

Grand Total: 264 creatures vanquished

Notes
Turn   | Place    | Note
-------+----------+-------------------------------------------
     0 | D:1      | Folque the Demonspawn Wizard began the quest for the Orb.
     0 | D:1      | Reached XP level 1. HP: 13/13 MP: 4/4
   182 | D:1      | Reached skill level 1 in Fighting
   347 | D:1      | Gained mutation: You are partially covered in molten
                  | scales. (AC +2) [demonic ancestry]
   347 | D:1      | Reached XP level 2. HP: 17/21 MP: 0/6
   881 | D:1      | Learned a level 2 spell: Call Imp
   884 | D:1      | Learned a level 2 spell: Blink
   890 | D:1      | Found a shimmering altar of Xom.
  1487 | D:2      | Gained mutation: You have a pair of small horns on your
                  | head. [demonic ancestry]
  1487 | D:2      | Reached XP level 3. HP: 25/27 MP: 2/7
  1492 | D:2      | Learned a level 3 spell: Mephitic Cloud
  1612 | D:2      | Reached skill level 1 in Poison Magic
  1700 | D:2      | Reached skill level 2 in Conjurations
  1812 | D:2      | Gained mutation: You are mostly covered in molten scales.
                  | (AC +3) [demonic ancestry]
  1812 | D:2      | Reached XP level 4. HP: 33/33 MP: 9/9
  1953 | D:2      | Reached skill level 3 in Conjurations
  1953 | D:2      | Reached skill level 1 in Air Magic
  2231 | D:2      | Gained mutation: You have a pair of horns on your head.
                  | [demonic ancestry]
  2231 | D:2      | Reached XP level 5. HP: 38/38 MP: 10/10
  2281 | D:2      | Found a basalt altar of Yredelemnul.
  2586 | D:3      | Found a hazy altar of Hepliaklqana.
  2613 | D:3      | Found a hide-covered altar of Uskayaw.
  2879 | D:4      | Noticed a phantom
  2912 | D:4      | Killed a phantom
  3136 | D:4      | Found a glowing drain.
  3144 | Sewer    | Entered a sewer
  3176 | Sewer    | Noticed a crocodile
  3201 | Sewer    | Killed a crocodile
  3201 | Sewer    | Reached skill level 4 in Conjurations
  3201 | Sewer    | Reached XP level 6. HP: 14/44 MP: 0/12
  3643 | D:4      | Reached skill level 1 in Translocations
  3678 | D:4      | Reached skill level 1 in Shields
  3828 | D:4      | Found a staircase to the Ecumenical Temple.
  3843 | Temple   | Entered the Ecumenical Temple
  4356 | D:4      | Found Cyhupysasm's Gadget Shop.
  4513 | D:5      | Entered Level 5 of the Dungeon
  4522 | D:5      | Got a steaming trident
  4523 | D:5      | Identified the +4 trident of Icwiofre {freeze, Int+2} (You
                  | found it on level 5 of the Dungeon)
  4548 | D:5      | Reached XP level 7. HP: 35/50 MP: 11/14
  4829 | D:5      | Reached skill level 5 in Spellcasting
  5095 | D:5      | Learned a level 3 spell: Conjure Flame
  5449 | D:5      | Reached skill level 1 in Armour
  5464 | D:5      | Got a transparent chain mail
  5659 | D:6      | Found a burning altar of Makhleb.
  5671 | D:6      | Noticed a hippogriff
  5701 | D:6      | Reached skill level 5 in Conjurations
  5701 | D:6      | Gained mutation: You sometimes gain a little power by
                  | taking damage. [demonic ancestry]
  5701 | D:6      | Reached XP level 8. HP: 56/56 MP: 1/15
  5730 | D:6      | Killed a hippogriff
  5975 | D:6      | Reached skill level 6 in Conjurations
  6138 | D:6      | Gained mutation: You are slightly more attuned to the
                  | shadows. [demonic ancestry]
  6138 | D:6      | Reached XP level 9. HP: 51/61 MP: 5/16
  6339 | D:6      | Reached skill level 5 in Armour
  6559 | Temple   | Became a worshipper of Vehumet
  6760 | D:6      | Reached skill level 7 in Conjurations
  7525 | D:6      | Found Atzifuf's Jewellery Boutique.
  7571 | D:7      | Found Yzih's Food Emporium.
  7603 | D:6      | Reached skill level 5 in Dodging
  7757 | D:7      | Reached skill level 8 in Conjurations
  7894 | D:7      | Reached skill level 1 in Fire Magic
  7911 | D:7      | Reached * piety under Vehumet
  7911 | D:7      | Offered knowledge of Sandblast by Vehumet.
  8238 | D:7      | Reached XP level 10. HP: 67/67 MP: 18/18
  8947 | D:8      | Reached skill level 1 in Polearms
  9055 | D:6      | Learned a level 1 spell: Sandblast
  9151 | D:8      | Found a staircase to the Lair.
  9445 | D:8      | Reached skill level 1 in Earth Magic
  9712 | D:8      | Found Heppop's Assorted Antiques.
  9895 | D:9      | Reached ** piety under Vehumet
  9906 | D:9      | Noticed a two-headed ogre
  9950 | D:9      | Killed a two-headed ogre
  9950 | D:9      | Offered knowledge of Throw Frost by Vehumet.
  9955 | D:9      | Learned a level 3 spell: Regeneration
  9958 | D:9      | Learned a level 2 spell: Throw Frost
 10116 | D:9      | Found a deep blue altar of Sif Muna.
 10133 | D:9      | Identified Sif Muna's Disquisition on Confrontation
 10137 | D:9      | Learned a level 1 spell: Flame Tongue
 10543 | D:9      | Reached skill level 1 in Necromancy
 10599 | D:9      | Reached skill level 1 in Ice Magic
 11515 | D:10     | Entered Level 10 of the Dungeon
 11535 | D:10     | Noticed a two-headed ogre
 11562 | D:10     | Killed a two-headed ogre
 11562 | D:10     | Reached skill level 1 in Charms
 11562 | D:10     | Reached XP level 11. HP: 77/77 MP: 10/20
 11580 | D:10     | Noticed a rakshasa
 11602 | D:9      | HP: 3/77 [rakshasa (illusionary)/orb of energy (15)]
 11603 | D:9      | Killed from afar by a rakshasa

Skill      XL: |  1  2  3  4  5  6  7  8  9 10 |
---------------+-------------------------------+-----
Fighting       | 1 2 4 |  4.3
Poison Magic   | 1 |  1.0
Conjurations   | 2 3 4 5 6 8 |  8.0
Air Magic      | 1 |  1.3
Spellcasting   | 4 5 6 |  6.1
Translocations | 1 |  1.1
Shields        | 2 4 |  4.1
Dodging        | 2 3 5 |  5.0
Armour         | 1 4 6 |  6.0
Fire Magic     | 1 |  1.4
Summonings     | 3 |  3.0
Polearms       | 3 |  3.2
Earth Magic    | 4 |  4.4
Necromancy     | 3 |  3.4
Ice Magic      | 2 |  2.3
Charms         | 1 |  1.2
Stealth        | |  1.7

Action                   |  1- 3 |  4- 6 |  7- 9 | 10-12 || total
-------------------------+-------+-------+-------+-------++-------
Melee: Club              |     6 |       |       |       ||     6
       Dagger            |    45 |   103 |       |       ||   148
       Headbutt          |     3 |    13 |    19 |     7 ||    42
       Trident           |       |     4 |   381 |   208 ||   593
Throw: Throwing net      |       |       |       |     1 ||     1
 Cast: Magic Dart        |    45 |    41 |    83 |    40 ||   209
       Call Imp          |     5 |    12 |    18 |     2 ||    37
       Mephitic Cloud    |       |     7 |    24 |    12 ||    43
       Conjure Flame     |       |       |    24 |    33 ||    57
       Blink             |       |       |    14 |    18 ||    32
       Sandblast         |       |       |       |    17 ||    17
       Flame Tongue      |       |       |       |    16 ||    16
       Throw Frost       |       |       |       |     3 ||     3
Evoke: Wand              |       |       |       |     4 ||     4
  Use: Scroll            |       |     1 |     1 |     8 ||    10
       Potion            |       |       |     1 |     5 ||     6
 Stab: Sleeping          |     4 |     7 |     6 |     1 ||    18
       Confused          |       |     2 |     6 |     1 ||     9
       Distracted        |       |       |     1 |       ||     1
  Eat: Chunk             |     3 |     7 |    12 |     9 ||    31
       Ration            |       |     1 |       |     1 ||     2
Armor: Robe              |    16 |    21 |    50 |       ||    87
       Leather armour    |       |       |    45 |    47 ||    92
Dodge: Dodged            |    43 |    59 |   167 |    92 ||   361
Block: Buckler           |       |       |    77 |    44 ||   121
